[Event "Early-Titled-Tuesday-Blitz-March-19-2024"]
[Site "Chess.com"]
[Date "2024.03.19"]
[Round "6"]
[White "MuhittinBuker"]
[Black "UNSTOPPABLE_LEGEND"]
[Result "0-1"]
[WhiteElo "2134"]
[BlackElo "2501"]
[TimeControl "180+1"]
[EndTime "9:07:22 PDT"]
[Termination "UNSTOPPABLE_LEGEND won by resignation"]

1. d4 Nf6 2. c4 c6 3. Nc3 d5 4.
cxd5 cxd5 5. Nf3 Nc6 6. Bf4 Bf5 7. e3 a6 8. Bd3 Bg6 9. O-O e6 10.
Rc1 Bd6 11. Bg5 O-O 12. Na4 Rc8 13. Nc5 Qe7 14. Bxf6 gxf6 15. Re1 a5 16. a4 b6 17. Nb3 Nb4 18. Bxg6 hxg6 19. Qe2 Qd7 20. Nfd2 Qxa4 21.
Qf3 Kg7 22. e4 Qd7 23. e5 Be7 24. h4 fxe5 25. dxe5 Bxh4 26. Nd4 Bg5 27. Rcd1 Nc2 28. Nxc2 Rxc2 29. Nb3 Qe7 30. Nd4 Rxb2 31. g3 Rc8 32.
Kg2 Rc4 33. Rh1 Rd2 34. Rxd2 Bxd2 35. Qg4 Qg5 36. Nxe6+ fxe6 37. Qxe6 Rc7 38. Qxb6 Re7 39. Qd8 Rxe5 40. Qh8+ Kf7 41. Rh7+ Ke6 42. Qc8+ Kf6 43. Qf8+ Ke6 44. Re7+ Qxe7 45. Qc8+ Kf7 0-1

[Event "Early-Titled-Tuesday-Blitz-March-19-2024"]
[Site "Chess.com"]
[Date "2024.03.19"]
[Round "6"]
[White "JimDiGrease"]
[Black "GMG"]
[Result "0-1"]
[WhiteElo "2979"]
[BlackElo "2799"]
[TimeControl "180+1"]
[EndTime "9:07:23 PDT"]
[Termination "GMG won on time"]

1. d4 d5 2. c4 e6 3. Nf3 Nf6 4. Qc2 c5 5. dxc5 Bxc5 6. cxd5 Qb6 7. e3 exd5 8. Nc3 Bd7 9. Be2 O-O 10. O-O Rc8 11.
Bd2 Bd6 12. Qb3 Qxb3 13. axb3 Nc6 14. Nb5 Bf8 15. Bc3 Ne4 16. Rfd1 a6 17. Na3 Be6 18. Nc2 f6 19. Ncd4 Bf7 20. Rdc1 Nxc3 21. bxc3 Ne5 22. b4 Rc7 23. Nxe5 fxe5 24. Nf3 e4 25. Nd4 Re8 26. Rc2 g6 27. Rac1 h5 28. g3 Rec8 29. Bf1 Bg7 30. Bh3 Re8 31. Kf1 Bxd4 32. cxd4 Rc4 33.
Rxc4 dxc4 34. Ke2 Bd5 35. Kd2 Rf8 36. Rf1 Kf7 37. Kc3 Ke7 38. f4 exf3 39. e4 Be6 40.
Bxe6 Kxe6 41. Kxc4 b6 42. h4 f2 43. Kd3 a5 44. bxa5 bxa5 45. Ke2 a4 0-1

[Event "Early-Titled-Tuesday-Blitz-March-19-2024"]
[Site "Chess.com"]
[Date "2024.03.19"]
[Round "6"]
[White "Szachulec75"]
[Black "MaxLeto"]
[Result "1-0"]
[WhiteElo "2241"]
[BlackElo "2496"]
[TimeControl "180+1"]
[EndTime "9:07:23 PDT"]
[Termination "Szachulec75 won by resignation"]

1. Nf3 d5 2. g3 c6 3. Bg2 Nf6 4. d3 Bf5 5. O-O e6 6. Nbd2 h6 7. Re1 Bh7 8. b3 Be7 9. Bb2 O-O 10. e4 a5 11. a3 b5 12. Ne5 Nfd7 13. f4 Nxe5 14.
Bxe5 Nd7 15. Bb2 Qb6+ 16. Kh1 Rfe8 17. Qe2 Rac8 18. h3 Bc5 19. Qg4 Bd4 20. c3 f5 21.
Qe2 Bf2 22. Rf1 Bxg3 23. c4 bxc4 24. dxc4 e5 25. exf5 exf4 26. Qg4 d4 27. Ne4 Ne5 28.
Qd1 c5 29. b4 axb4 30. axb4 Qxb4 31. Ba3 Qxc4 32. Nd6 Qc3 33. Nxe8 Rxe8 34. Qa4 Rf8 35. Rac1 Qe3 36. Bxc5 Rf6 37. Bxd4 Bxf5 38. Bxe3 fxe3 39. Qb3+ Kh7 40. Qxe3 Bh4 41. Rxf5 Rxf5 42. Be4 g6 43. Bxf5 gxf5 44. Qxe5 1-0

[Event "Early-Titled-Tuesday-Blitz-March-19-2024"]
[Site "Chess.com"]
[Date "2024.03.19"]
[Round "6"]
[White "MdChess1734"]
[Black "Carlos-Godoy"]
[Result "1-0"]
[WhiteElo "2359"]
[BlackElo "2089"]
[TimeControl "180+1"]
[EndTime "9:07:24 PDT"]
[Termination "MdChess1734 won on time"]

1. e4 c5 2. Nf3 d6 3. d4 cxd4 4. Nxd4 Nf6 5. Nc3 a6 6. Bg5 e6 7. f4 h6 8. Bh4 Qb6 9. a3 Be7 10. Bf2 Qc7 11. Qf3 Nc6 12. O-O-O Bd7 13. g4 Nxd4 14. Bxd4 Bc6 15. g5 hxg5 16. fxg5 Nd7 17. g6 fxg6 18. Qg4 O-O-O 19. Qxe6 Kb8 20. Bxg7 Bg5+ 21.
Kb1 Rhg8 22. Bd4 Ne5 23. Nd5 Bxd5 24. Qxd5 Nf3 25. Bc3 Bf4 26. Ba5 b6 27. Qb3 Nd2+ 28. Bxd2 Bxd2 29. Rxd2 Qc6 30. Bxa6 Ka7 31. Bb5 Qxe4 32.
Rhd1 Rgf8 33. Rd4 Qe5 34. Ra4+ Kb8 35. Bc6 Qc5 36. Bd5 Rf2 37. Rc4 Qa5 38. Rb4 Kc7 39. Rb5 Qa6 40. Qc4+ Kb8 41. Qc6 1-0

[Event "Early-Titled-Tuesday-Blitz-March-19-2024"]
[Site "Chess.com"]
[Date "2024.03.19"]
[Round "6"]
[White "AlexandraSamaganova"]
[Black "Gabrielian_Artur"]
[Result "0-1"]
[WhiteElo "2298"]
[BlackElo "2785"]
[TimeControl "180+1"]
[EndTime "9:07:24 PDT"]
[Termination "Gabrielian_Artur won on time"]

1. c4 e5 2. Nc3 Nf6 3. Nf3 Nc6 4. a3 d5 5. cxd5 Nxd5 6. Qc2 Be7 7. e3 O-O 8. Be2 Be6 9. O-O Nb6 10. b4 a6 11. Bb2 f6 12. Rfd1 Qe8 13. d4 exd4 14. Nxd4 Nxd4 15. Rxd4 Qf7 16. Bf3 c6 17. Ne4 Rad8 18.
Nc5 Bxc5 19. Qxc5 Na4 20. Qc2 Nxb2 21. Qxb2 Rxd4 22. Qxd4 Bb3 23. Bd1 Bd5 24. e4 Bxe4 25. Qc3 Bd5 26. Bc2 Re8 27. Rd1 Re5 28. f3 Qe7 29.
Qd3 g6 30. Kf2 Kg7 31. h4 a5 32. b5 Qc5+ 33. Kg3 cxb5 34. Rb1 Bc6 35. Bb3 Qe7 36.
Qc3 Re3 37. Qxa5 Qe5+ 38. Kf2 Re2+ 39. Kf1 Rxg2 40. Kxg2 Qe2+ 41. Kg1 Qe3+ 42. Kh2 Qf2+ 43. Kh3 Bd7+ 0-1

[Event "Early-Titled-Tuesday-Blitz-March-19-2024"]
[Site "Chess.com"]
[Date "2024.03.19"]
[Round "6"]
[White "dropstoneDP"]
[Black "The_Machine04"]
[Result "1-0"]
[WhiteElo "2986"]
[BlackElo "2829"]
[TimeControl "180+1"]
[EndTime "9:07:25 PDT"]
[Termination "dropstoneDP won on time"]

1. e4 d6 2. d4 Nf6 3. Nc3 e5 4.
Nf3 Nbd7 5. Be2 Be7 6. g4 Nxg4 7. Rg1 h5 8. h3 exd4 9. Nxd4 Nge5 10. Nf5 g6 11. Nxe7 Qxe7 12. Nd5 Qd8 13. Bg5 f6 14. Be3 c6 15. Nf4 Nf8 16. Qd2 h4 17. O-O-O g5 18. Nh5 Bxh3 19. f4 gxf4 20. Nxf4 Be6 21. Rg7 Bf7 22.
Qb4 Qe7 23. Rxd6 h3 24. Bc5 h2 25. Rd1 Qc7 26. Bh5 a5 27. Qc3 Nd3+ 28. Nxd3 Rxh5 29. Rh1 Ne6 30. Qxf6 Nxg7 31. Qxg7 O-O-O 32. Bf2 Rg8 33. Qd4 Qd7 34. Qa7 Qd6 35. e5 Qb8 36. Qxa5 Qc7 37. Bb6 Rg1+ 38. Kd2 1-0

[Event "Early-Titled-Tuesday-Blitz-March-19-2024"]
[Site "Chess.com"]
[Date "2024.03.19"]
[Round "6"]
[White "tusplingher"]
[Black "Goryachkina"]
[Result "0-1"]
[WhiteElo "2470"]
[BlackElo "2647"]
[TimeControl "180+1"]
[EndTime "9:07:25 PDT"]
[Termination "Goryachkina won by resignation"]

1. e4 e6 2. d4 d5 3. Nc3 Bb4 4. Ne2 Nf6 5. e5 Nfd7 6. a3 Be7 7. f4 c5 8. Be3 Nc6 9. dxc5 Nxc5 10. Nd4 Bd7 11.
Qd2 O-O 12. Be2 a6 13. O-O Rc8 14. b4 Ne4 15. Nxe4 dxe4 16. c4 Qc7 17. Nb3 Rfd8 18. Qe1 f6 19. Qf2 Rf8 20. Bb6 Qb8 21. Rad1 Be8 22.
exf6 Rxf6 23. Qe3 e5 24. f5 Bf7 25. Qxe4 Nxb4 26. Be3 Nc6 27. Bg5 Rd6 28. Bxe7 Nxe7 29. Rxd6 Qxd6 30. Qe3 h6 31. Rd1 Nxf5 32. Qh3 Qb6+ 33.
Kh1 Be6 34. Bg4 Rf8 35. Nd2 Nd4 36. Bxe6+ Qxe6 37. Qe3 Qg4 38. Rg1 Qf4 39. Qe1 Nc2 40.
Nf1 Nxe1 0-1

[Event "Early-Titled-Tuesday-Blitz-March-19-2024"]
[Site "Chess.com"]
[Date "2024.03.19"]
[Round "6"]
[White "Gabix_94"]
[Black "Jojo_898"]
[Result "1-0"]
[WhiteElo "2750"]
[BlackElo "2476"]
[TimeControl "180+1"]
[EndTime "9:07:25 PDT"]
[Termination "Gabix_94 won by resignation"]

1. d4 Nf6 2. Nc3 g6 3. e4 d6 4. Bf4 Bg7 5. Qd2 h5 6. O-O-O c6 7. e5 dxe5 8. dxe5 Qxd2+ 9. Rxd2 Nfd7 10. Nf3 O-O 11. Bc4 Nb6 12. Bb3 Bg4 13. Ng5 e6 14. h3 Bf5 15. f3 h4 16. Rhd1 Na6 17. Nce4 Bxe4 18. fxe4 Nc5 19. Bh2 Bh6 20. Bf4 Bxg5 21.
Bxg5 Nxe4 22. Bxh4 Nxd2 23. Rxd2 Nd5 24. c4 Nf4 25. Bg5 Nh5 26. g4 Ng7 27. Rd7 Rab8 28. Bc2 Ne8 29. b3 Kg7 30. Kb2 Rh8 31. h4 b5 32. c5 b4 33. Bd3 a5 34. Kc2 Ra8 35.
Bc4 Kg8 36. Kd3 a4 37. Ke4 axb3 38. axb3 Rh7 39. Rb7 f5+ 40. exf6 Rxb7 41. Bxe6+ Kh8 42. Ke5 Nc7 43. Bd7 Ra1 44. Bxc6 Rb8 45. Kd6 Ne8+ 46.
Ke7 Re1+ 47. Kf7 Rc8 48. Bd7 Rc7 49. c6 Nd6+ 50. Kxg6 Kg8 51. Bf4 Rd1 52. h5 Rd4 53.
Be5 Rxg4+ 54. Bxg4 Rxc6 55. Be6+ Kf8 56. Bd5 Rb6 57.
h6 1-0

[Event "Early-Titled-Tuesday-Blitz-March-19-2024"]
[Site "Chess.com"]
[Date "2024.03.19"]
[Round "6"]
[White "vugarrasulov"]
[Black "moro182"]
[Result "0-1"]
[WhiteElo "2973"]
[BlackElo "2850"]
[TimeControl "180+1"]
[EndTime "9:07:26 PDT"]
[Termination "moro182 won on time"]

1. d4 g6 2. c4 Bg7 3. Nc3 d6 4. Nf3 Nc6 5. h3 e5 6. Bg5 Qd7 7. d5 Nce7 8. e4 h6 9. Bxe7 Qxe7 10. c5 dxc5 11. Bb5+ Kf8 12. O-O Nf6 13. Rc1 h5 14.
a4 Bh6 15. Rc2 Kg7 16. a5 Rd8 17. Bd3 c6 18. dxc6 c4 19. Nd5 Nxd5 20. exd5 cxd3 21. Rc3 bxc6 22. dxc6 e4 23. Re1 Bf5 24. Nd2 Kh7 25. Rc4 Qe6 26. b3 e3 27. fxe3 Qd6 28. Qf3 Rac8 29. b4 Be6 30. Ne4 Qe7 31. Rc5 Kg8 32. b5 f5 33. Rc3 fxe4 34. Qxe4 d2 35. Rd1 Qf6 36. Rd3 Bf5 37. Rxd8+ Rxd8 38. Qc4+ Qe6 39.
c7 Bxe3+ 40. Kh1 Rc8 41. Qc3 Kh7 42. b6 axb6 43. a6 b5 44. a7 Bxa7 45. Qxd2 Rxc7 46. Qd8 Rd7 0-1

[Event "Early-Titled-Tuesday-Blitz-March-19-2024"]
[Site "Chess.com"]
[Date "2024.03.19"]
[Round "6"]
[White "2KTNGO"]
[Black "djokovic74"]
[Result "1-0"]
[WhiteElo "2552"]
[BlackElo "2725"]
[TimeControl "180+1"]
[EndTime "9:07:26 PDT"]
[Termination "2KTNGO won on time"]

1. d4 e6 2. Nf3 Nf6 3. c4 Bb4+ 4.
Nc3 O-O 5. g3 b6 6. Bg2 Bb7 7.
O-O Bxc3 8. bxc3 d6 9. Ne1 Bxg2 10. Nxg2 Nc6 11. f3 e5 12. e4 Qd7 13. Ne3 Rfe8 14.
Qd3 Na5 15. Bd2 Qa4 16. Rfb1 c5 17. d5 Rab8 18. Rb2 h5 19. h4 g6 20. Kg2 Kg7 21.
Rab1 Rh8 22. Be1 Qd7 23. Rf2 Rbe8 24. Bd2 Rhf8 25. Rbf1 Qa4 26. Bc1 a6 27. Rb2 Rb8 28. f4 exf4 29. gxf4 Rfe8 30. e5 dxe5 31. fxe5 Rxe5 32.
Rbf2 Ne4 33. Rxf7+ Kg8 34. d6 Qxa2+ 35. Kh3 g5 36. Nc2 g4+ 37. Kg2 Qxc4 38. Qxc4 Nxc4 39. d7 Rd5 40. Bh6 1-0

[Event "Early-Titled-Tuesday-Blitz-March-19-2024"]
[Site "Chess.com"]
[Date "2024.03.19"]
[Round "6"]
[White "tptagain"]
[Black "kenta1234"]
[Result "1-0"]
[WhiteElo "2960"]
[BlackElo "2816"]
[TimeControl "180+1"]
[EndTime "9:07:27 PDT"]
[Termination "tptagain won by resignation"]

1. Nf3 Nf6 2. d4 d5 3. e3 e6 4. Bd3 c5 5. b3 Nc6 6. O-O Be7 7. Bb2 O-O 8. dxc5 Bxc5 9. a3 b6 10. b4 Be7 11. Nbd2 Bb7 12. c4 Rc8 13. Rc1 Re8 14. Qe2 a5 15. b5 Nb8 16. cxd5 Rxc1 17.
Rxc1 Nxd5 18. Ne5 Nf6 19. Ndc4 Bc5 20. Rd1 Qe7 21. a4 Nbd7 22. Nxd7 Nxd7 23. Bxh7+ Kxh7 24. Qd3+ Kg8 25. Qxd7 Bd5 26. Qxe7 Rxe7 27. Rc1 f6 28. h4 Rc7 29. Nd2 Bd6 30. Rxc7 Bxc7 31. Bd4 e5 32. e4 Ba2 33. Be3 Kf7 34. Kf1 g6 35. g4 Be6 36. f3 f5 37. gxf5 gxf5 38.
Ke2 f4 39. Bf2 Kf6 40. Kd3 Ba2 41. Kc2 Be6 42. Kc3 Ba2 43. Nc4 Bxc4 44. Kxc4 Ke6 45. h5 Bd8 46. h6 Kd6 47. h7 Bf6 48. Bxb6 1-0

[Event "Early-Titled-Tuesday-Blitz-March-19-2024"]
[Site "Chess.com"]
[Date "2024.03.19"]
[Round "6"]
[White "arenal72"]
[Black "ikhasu"]
[Result "0-1"]
[WhiteElo "2660"]
[BlackElo "2506"]
[TimeControl "180+1"]
[EndTime "9:07:27 PDT"]
[Termination "ikhasu won by checkmate"]

1. Nf3 c5 2. e4 a6 3. c4 e6 4.
Nc3 d6 5. d4 cxd4 6. Nxd4 Nf6 7. Be2 Be7 8. O-O O-O 9. Be3 b6 10. f4 Bb7 11. Bf3 Qc7 12. Rc1 Nbd7 13. g4 Nc5 14. Qc2 Rfd8 15. g5 Ne8 16. h4 Rac8 17. b3 Qb8 18. f5 d5 19. exd5 exd5 20. cxd5 Qg3+ 21. Qg2 Qxh4 22. f6 Bf8 23. Nf5 Qb4 24. fxg7 Bxg7 25. Ne7+ Kh8 26. Nxc8 Bxc8 27. Ne2 Nd6 28.
Ng3 Re8 29. Qd2 Qh4 30. Kg2 Bh3+ 31. Kf2 Nde4+ 32. Bxe4 Nxe4+ 33. Ke2 Nxd2 34. Rg1 Ne4 35. Nxe4 Qxe4 36. Rg3 Bg4+ 37. Kf2 Be5 38. Rg2 Bd6 39. Re1 Qf3+ 40. Kg1 Rxe3 41. Rxe3 Qxe3+ 42. Kf1 Qd3+ 43. Kg1 Qd1+ 44. Kf2 Qe2+ 45. Kg1 Qe1# 0-1

[Event "Early-Titled-Tuesday-Blitz-March-19-2024"]
[Site "Chess.com"]
[Date "2024.03.19"]
[Round "6"]
[White "suyu28"]
[Black "Zheenbekov86"]
[Result "1-0"]
[WhiteElo "2850"]
[BlackElo "2463"]
[TimeControl "180+1"]
[EndTime "9:07:30 PDT"]
[Termination "suyu28 won on time"]

1. c4 Nf6 2. d4 g6 3. Nc3 Bg7 4. e4 d6 5. h3 O-O 6. Be3 e5 7. d5 a5 8. Nf3 Na6 9. g4 Nc5 10. Nd2 b6 11. Be2 Ne8 12. h4 h6 13. Nf1 f5 14. gxf5 gxf5 15. exf5 Bxf5 16. Ng3 Kh8 17. Qd2 Qf6 18. Rg1 Bh7 19. Nh5 Qf5 20. O-O-O a4 21.
Bxc5 bxc5 22. Nxg7 Nxg7 23. Rg2 Qf4 24. Rdg1 Qxd2+ 25. Kxd2 Nf5 26. h5 Nd4 27. Bd1 a3 28. b3 Rf4 29.
Ke3 Raf8 30. Rh1 Bc2 31. Bg4 Bf5 32. Bd1 Bc2 33. Bg4 Bf5 34. Bd1 Bh7 35. Rh3 Nf5+ 36. Ke2 1-0

[Event "Early-Titled-Tuesday-Blitz-March-19-2024"]
[Site "Chess.com"]
[Date "2024.03.19"]
[Round "6"]
[White "NovoselovRoman"]
[Black "margarita_2703"]
[Result "1-0"]
[WhiteElo "2550"]
[BlackElo "2331"]
[TimeControl "180+1"]
[EndTime "9:07:30 PDT"]
[Termination "NovoselovRoman won by resignation"]

1. e4 e5 2. Nf3 Nc6 3. Bc4 Nf6 4. d3 h6 5. Nc3 g6 6. h3 Bg7 7. Be3 d6 8. a3 Be6 9. Qd2 g5 10. O-O-O a6 11. Bxe6 fxe6 12. d4 exd4 13. Nxd4 Nxd4 14. Bxd4 e5 15. Be3 Qd7 16. h4 g4 17. f4 O-O-O 18. Qe2 Qe6 19. f5 Qf7 20. Bf2 h5 21.
Kb1 Bh6 22. Be3 Bxe3 23. Qxe3 Kb8 24. g3 Qg7 25. Rhf1 Qh6 26. Qe2 Rhe8 27. Qc4 Qg7 28. Rd3 Qg8 29. Qa4 Qf7 30. Rfd1 Qd7 31. Qc4 Qc6 32. Qb4 Rd7 33. Nd5 Nxd5 34. Rxd5 Rf7 35. Qb3 Ref8 36. R1d3 Kc8 37. Rc3 Qd7 38. Qb6 Kd8 39.
Qa7 c6 40. Rd1 Kc7 41. Rcd3 Rf6 42. Qe3 c5 43. Qxc5+ Qc6 44. Qe3 b5 45. Rc3 1-0

[Event "Early-Titled-Tuesday-Blitz-March-19-2024"]
[Site "Chess.com"]
[Date "2024.03.19"]
[Round "6"]
[White "FaustinoOro"]
[Black "FMVolodymyrSakun"]
[Result "0-1"]
[WhiteElo "2880"]
[BlackElo "2635"]
[TimeControl "180+1"]
[EndTime "9:07:31 PDT"]
[Termination "FMVolodymyrSakun won on time"]

1. e4 e5 2. Nf3 Nc6 3. Bb5 a6 4. Ba4 Nf6 5. O-O Be7 6. Re1 b5 7. Bb3 d6 8. c3 O-O 9. h3 Bb7 10. d4 h6 11. a4 Re8 12. Na3 Bf8 13. d5 Ne7 14. c4 bxa4 15. Bxa4 c6 16. Nb1 Nd7 17.
Nc3 Nc5 18. Bc2 a5 19. Be3 Na6 20. Qd2 Nb4 21. Ba4 Ng6 22. Ne2 Re7 23. Ng3 c5 24. Nh2 Rc7 25. Bd1 Bc8 26. Bg4 a4 27. Bxc8 Qxc8 28.
Nf5 Qd8 29. Ng4 h5 30. Nh2 Rca7 31. Qe2 Nf4 32. Bxf4 exf4 33. Qxh5 g6 34. Qg4 Nc2 35. Nf3 Nxa1 36. Rxa1 a3 37. bxa3 Rxa3 38. Rxa3 Rxa3 39. N5h4 Qf6 40. Kh2 Ra2 41. Kg1 Qa1+ 42. Kh2 Rxf2 43. Qxf4 Rf1 44. Qg4 Rh1+ 45. Kg3 Qc3 46. Nxg6 fxg6 47.
Qe6+ Kh8 48. Qe8 Qf6 0-1

[Event "Early-Titled-Tuesday-Blitz-March-19-2024"]
[Site "Chess.com"]
[Date "2024.03.19"]
[Round "6"]
[White "Byniolus"]
[Black "sorch29"]
[Result "1-0"]
[WhiteElo "2786"]
[BlackElo "2486"]
[TimeControl "180+1"]
[EndTime "9:07:31 PDT"]
[Termination "Byniolus won on time"]

1. d4 Nf6 2. Nf3 g6 3. Bf4 Bg7 4. e3 O-O 5. Be2 d6 6. h3 b6 7.
O-O Bb7 8. a4 a6 9. c3 Nbd7 10.
Bh2 Qe8 11. Nbd2 e5 12. Qb3 a5 13. Nc4 Ne4 14. Na3 Qe7 15. Nb5 Rac8 16. Rac1 Kh8 17.
Rfd1 f5 18. Re1 g5 19. dxe5 dxe5 20. Qa3 Qxa3 21. Nxa3 g4 22. Nh4 gxh3 23. Rcd1 Ndc5 24. Nc4 Rce8 25. Bh5 Re7 26. gxh3 Ng5 27. Kf1 Nxh3 28. Ke2 Ng5 29. Rg1 Nf7 30. Nxf5 Bf6 31. Nxe7 Bxe7 32. Nxe5 Nd6 33. Rxd6 cxd6 34. Nf7+ Rxf7 35. Bxf7 h6 36. Rg8+ Kh7 37. Re8 Bf6 38. Bxd6 Bc6 39. Rc8 Bd7 40. Rc7 Kg7 41. Bxc5 Kh8 42. Rxd7 1-0

[Event "Early-Titled-Tuesday-Blitz-March-19-2024"]
[Site "Chess.com"]
[Date "2024.03.19"]
[Round "6"]
[White "xakevicius91"]
[Black "KVAIDAN"]
[Result "1-0"]
[WhiteElo "2546"]
[BlackElo "2327"]
[TimeControl "180+1"]
[EndTime "9:07:33 PDT"]
[Termination "xakevicius91 won by resignation"]

1. e4 e6 2. d4 d5 3. Bd3 Nf6 4. e5 Nfd7 5. f4 c5 6. c3 Nc6 7. Nf3 Qb6 8. Bc2 f6 9. a3 Be7 10. b4 cxd4 11. cxd4 O-O 12. Bb2 Na5 13. Nbd2 Nc4 14.
Nxc4 dxc4 15. O-O f5 16. Kh1 Qc7 17. Bc3 b5 18. d5 Bd8 19. dxe6 Nb6 20. Bd4 Bxe6 21.
Bc5 Re8 22. Nd4 Qf7 23. Nxb5 Bh4 24. Nd6 Qg6 25. Bxb6 axb6 26. Nxe8 Rxe8 27. Qf3 b5 28. Rfd1 h6 29. a4 bxa4 30. Bxa4 Rb8 31. Rd6 Qf7 32.
Bc6 Kh7 33. b5 Be7 34. Rd4 Bc5 35. Rdd1 Qe7 36. Rac1 Qa7 37. Bd5 Bd7 38. Bxc4 Be3 39. Rxd7 Qxd7 40. Qxe3 Rc8 41. h3 Qb7 42. e6 Rc7 43. Bd3 Re7 44. Bxf5+ Kg8 45. Qc5 Re8 46. Qc6 Qe7 47. Bg6 Rf8 48. Bf7+ Kh7 49. b6 Qf6 50.
Qe4+ Kh8 51. b7 Qb2 52. Rc8 Qa1+ 53. Kh2 Qa3 54. Rxf8+ Qxf8 55. Qe5 Kh7 56. b8=Q 1-0

[Event "Early-Titled-Tuesday-Blitz-March-19-2024"]
[Site "Chess.com"]
[Date "2024.03.19"]
[Round "6"]
[White "PLAYER_2006_M"]
[Black "mbojan"]
[Result "1-0"]
[WhiteElo "2942"]
[BlackElo "2800"]
[TimeControl "180+1"]
[EndTime "9:07:34 PDT"]
[Termination "PLAYER_2006_M won on time"]

1. e4 a6 2. b3 d5 3. exd5 Qxd5 4. Bb2 Nf6 5. Nf3 Nc6 6. Bc4 Qe4+ 7. Be2 Bf5 8. d3 Qd5 9. Nc3 Qd7 10. O-O e6 11. Nd2 Nd4 12. Nf3 Bc5 13. Nxd4 Bxd4 14. Bf3 c5 15. Na4 Qc7 16. g3 O-O 17. Rc1 Bxb2 18.
Nxb2 Rad8 19. Nc4 b5 20. Ne3 Bg6 21. Qe1 Rd4 22. a3 Rfd8 23. Qc3 Qd6 24. Rfe1 h5 25.
Ng2 Bf5 26. Ne3 Bh3 27. Rb1 a5 28. Qxa5 h4 29. Qxb5 Nd7 30. Nc4 Qe7 31. b4 Qf6 32.
Re3 cxb4 33. axb4 Nf8 34. Qe5 Qh6 35. b5 Ng6 36. Qc5 R4d5 37. Bxd5 Rxd5 38. Qc8+ Kh7 39. b6 hxg3 40. fxg3 Rd4 41. Qc5 e5 42. b7 Be6 43.
Rxe5 Rxc4 44. dxc4 Nxe5 45. Qxe5 1-0

[Event "Early-Titled-Tuesday-Blitz-March-19-2024"]
[Site "Chess.com"]
[Date "2024.03.19"]
[Round "6"]
[White "ATM622"]
[Black "AlexTruskavetsky"]
[Result "0-1"]
[WhiteElo "2494"]
[BlackElo "2693"]
[TimeControl "180+1"]
[EndTime "9:07:35 PDT"]
[Termination "AlexTruskavetsky won by resignation"]

1. d4 Nf6 2. c4 e6 3. g3 d5 4. Bg2 dxc4 5. Nf3 Nc6 6. Qa4 Bb4+ 7. Bd2 Bxd2+ 8. Nbxd2 O-O 9. Qxc4 Rb8 10. O-O Ne7 11. Rac1 c6 12. Rfd1 b6 13. Ne5 Bb7 14. Ndf3 Rc8 15.
Ng5 h6 16. Ngf3 Qc7 17. Bh3 Ned5 18. Qc2 Rfd8 19. a3 Ne7 20. Nxf7 Kxf7 21. Ne5+ Kf8 22. Bxe6 Qd6 23. Ba2 c5 24. Nf7 Qc6 25. d5 Rxd5 26. Bxd5 Nfxd5 27. Ne5 Qe6 28. Qe4 Ba8 29. f4 Nf6 30. Ng6+ Kf7 31. Qxe6+ Kxe6 32. Ne5 Nf5 33. Kf2 h5 34. Rd3 Ne4+ 35. Ke1 Nf6 36. Rcd1 Nd4 37.
e3 Nf3+ 38. Nxf3 Bxf3 39. Rd6+ Kf5 40. R1d2 Ne4 41. R2d5+ Kg4 42. Rg6+ Kh3 43. Rxg7 Kxh2 44. f5 Nxg3 45. Re5 Kg2 46. f6 Rd8 47. Rxg3+ Kxg3 48. Rg5+ Bg4 49. Rxg4+ Kxg4 0-1

[Event "Early-Titled-Tuesday-Blitz-March-19-2024"]
[Site "Chess.com"]
[Date "2024.03.19"]
[Round "6"]
[White "LuisFSiles"]
[Black "noblerone"]
[Result "1/2-1/2"]
[WhiteElo "2300"]
[BlackElo "2531"]
[TimeControl "180+1"]
[EndTime "9:07:35 PDT"]
[Termination "Game drawn by repetition"]

1. e4 c5 2. Nf3 e6 3. c3 Nf6 4. e5 Nd5 5. Bc4 Nb6 6. Bb3 d5 7. d4 Bd7 8. O-O Bb5 9. Re1 Be7 10. Nbd2 Nc6 11. Nf1 Bxf1 12. Rxf1 Rc8 13. Be3 cxd4 14. Bxd4 Nxd4 15. Nxd4 Nc4 16. Bxc4 Rxc4 17. f4 Qb6 18. Qb3 Bc5 19. Qxb6 Bxb6 20. Rfd1 Ke7 21. Kf2 Bxd4+ 22. Rxd4 Rxd4 23. cxd4 Rc8 24. Re1 Kd7 25. Ke3 Rc2 26. Re2 Rc1 27. g4 Rg1 28. Kf3 h6 29. Rd2 g6 30. Rf2 a6 31. f5 gxf5 32.
gxf5 Rg5 33. fxe6+ fxe6 34. h4 Rf5+ 35. Ke3 Rxf2 36.
Kxf2 Ke7 37. h5 Kd7 38. Ke2 Kc6 39. Kd3 Kb5 40. Kc3 Ka4 41. a3 a5 42. Kc2 b5 43.
Kc3 b4+ 44. axb4 axb4+ 45. Kc2 Ka5 46. b3 Kb5 47. Kd3 Ka5 48. Kd2 Kb5 49. Kd3 Ka5 50. Kd2 Kb5 51. Kd3 1/2-1/2

[Event "Early-Titled-Tuesday-Blitz-March-19-2024"]
[Site "Chess.com"]
[Date "2024.03.19"]
[Round "6"]
[White "Witik"]
[Black "ExchangeAB"]
[Result "1-0"]
[WhiteElo "2751"]
[BlackElo "2532"]
[TimeControl "180+1"]
[EndTime "9:07:37 PDT"]
[Termination "Witik won by resignation"]

1. e4 c5 2. Nf3 Nc6 3. Bb5 e5 4.
O-O Bd6 5. c3 a6 6. Bxc6 dxc6 7.
d4 cxd4 8. cxd4 exd4 9. Qxd4 Be7 10. Qxg7 Bf6 11. Qg3 Ne7 12. Bg5 Bxb2 13. Nbd2 Bxa1 14. Rxa1 Rg8 15. Nc4 Rg6 16. Qe5 b5 17. Qh8+ Rg8 18.
Qxg8+ Nxg8 19. Bxd8 Kxd8 20. Nce5 c5 21. Nxf7+ Ke7 22.
N7e5 Bb7 23. Nd3 c4 24. Nc5 Bc6 25. Rd1 Rd8 26. Nd4 Kf6 27. e5+ Kg6 28. Nxa6 Ne7 29. Nb4 Bb7 30. g4 h5 31. h3 hxg4 32. hxg4 Bf3 33. Rd2 Be4 34. f3 Bb7 35. f4 Kh7 36. Nf3 Rxd2 37. Nxd2 Kg8 38. Kf2 Nc6 39. Nxc6 Bxc6 40.
a3 Bd5 41. Ke3 c3 42. Nf1 c2 43. Kd2 Bc4 44. Ne3 Bb3 45. Nxc2 Be6 46. f5 Bd5 47.
Nd4 Be4 48. Ke3 Bb1 49. Nxb5 Kf8 50. Kf4 1-0

[Event "Early-Titled-Tuesday-Blitz-March-19-2024"]
[Site "Chess.com"]
[Date "2024.03.19"]
[Round "6"]
[White "secrethawk1"]
[Black "ritanovikova"]
[Result "0-1"]
[WhiteElo "2421"]
[BlackElo "2234"]
[TimeControl "180+1"]
[EndTime "9:07:37 PDT"]
[Termination "ritanovikova won on time"]

1. e4 e5 2. Nf3 Nf6 3. Nxe5 d6 4. Nc4 Nxe4 5. Qe2 d5 6. Ne3 Be7 7. c3 O-O 8. d3 Nf6 9. d4 b6 10.
Qd1 Ba6 11. Bd3 Bxd3 12. Qxd3 c5 13. O-O c4 14. Qe2 Nc6 15. Nd2 Bd6 16. h3 Bc7 17. f4 Re8 18. Qf3 Qd6 19. Nf5 Qd7 20. g4 h5 21. Rd1 hxg4 22. hxg4 Qe6 23. Nf1 Qe2 24. Qxe2 Rxe2 25. N1g3 Ree8 26. g5 Ne4 27. Nxe4 Rxe4 28. Ng3 Ree8 29. Kf2 g6 30. Rh1 Kg7 31. b3 b5 32. Bd2 f6 33. gxf6+ Kxf6 34. Rh7 Re7 35. Rh6 Rae8 36. Rah1 Nd8 37. Nh5+ Kf5 38. Ng3+ Kf6 39.
Kf3 Nf7 40. Rh7 Ke6 41. Re1+ Kd7 42. Rxe7+ Rxe7 43. Rh8 Nd6 0-1

[Event "Early-Titled-Tuesday-Blitz-March-19-2024"]
[Site "Chess.com"]
[Date "2024.03.19"]
[Round "6"]
[White "guillembaches"]
[Black "Susal_De_Silva"]
[Result "1-0"]
[WhiteElo "2569"]
[BlackElo "2783"]
[TimeControl "180+1"]
[EndTime "9:07:38 PDT"]
[Termination "guillembaches won by checkmate"]

1. d4 Nf6 2. Nf3 e6 3. Bg5 h6 4. Bh4 g5 5. Bg3 Bg7 6. e3 b6 7.
Nbd2 Bb7 8. Bd3 Nh5 9. c3 d6 10. e4 Nd7 11. Qe2 a6 12. Nc4 Qe7 13. Nfd2 Nxg3 14. hxg3 O-O 15. Ne3 e5 16. d5 Qf6 17.
Nf5 c6 18. c4 b5 19. b3 bxc4 20.
bxc4 Nc5 21. Bc2 cxd5 22. cxd5 Rfc8 23. Nc4 Rd8 24. Rb1 a5 25. Rb6 Ra6 26. Rb5 Raa8 27. Rxa5 Ba6 28. Nfe3 Rdb8 29. O-O Qd8 30. Ra3 Rb2 31. Rb1 Rxb1+ 32. Bxb1 Qb8 33. Bd3 Qb4 34. Nc2 Qb1+ 35. Kh2 Qb8 36. N2e3 Bf8 37. f3 Qb4 38.
Qb2 Qe1 39. Nc2 Qd1 40. Nb4 Bxc4 41. Rxa8 Bxd3 42. Nxd3 Qxd3 43. Qb8 Kh7 44. Qxf8 Kg6 45. Qg8+ Kh5 46. Qxf7# 1-0